 Dungeon Crawl Stone Soup version 0.31.0 (webtiles) character file.

Game seed: 1867731321289354773

35 qw the Shooter (level 3, 1/1 HPs)
             Began as a Gargoyle Hunter on Jan 19, 2024.
             Quit the game on level 2 of the Dungeon.
             The game lasted 00:06:16 (16969 turns).

qw the Shooter (Gargoyle Hunter)                   Turns: 16969, Time: 00:06:16

Health: 1/1        AC:  6    Str: 14    XL:     3   Next: 35%
Magic:  3/3        EV: 11    Int:  9    God:
Gold:   126        SH:  0    Dex: 15    Spells: 2/2 levels left

rFire   . . .        a - +0 shortbow
rCold   . . .        (shield currently unavailable)
rNeg    + . .        c - +0 leather armour
rPois   inf          (no helmet)
rElec   +            (no cloak)
rCorr   .            (no gloves)
SInv    .            (no boots)
Will    .....        (no amulet)
Stlth   ++           (no ring)
HPRegen 0.20/turn    (no ring)
MPRegen 0.08/turn

%: no passive effects
@: no status effects
A: sickness immunity, AC +3, negative energy resistance 1, electricity
resistance, torment resistance 1, petrification resistance
a: no special abilities


You were on level 2 of the Dungeon.
You visited 1 branch of the dungeon, and saw 2 of its levels.

You collected 126 gold pieces.


Innate Abilities, Weirdness & Mutations

You are immune to sickness and miasma.
Your stone body is resilient. (AC +3)
You are immune to poison.
You resist negative energy. (rN+)
You are resistant to electric shocks. (rElec)
You are resistant to unholy torment.
You are immune to petrification.


   Skills:
 + Level 2.4 Fighting
 - Level 5.0 Ranged Weapons
 - Level 1.5 Dodging
 - Level 1.1 Stealth


You had 2 spell levels left.
You didn't know any spells.
Your spell library was empty.

Inventory:

Hand Weapons
 a - a +0 shortbow (weapon)
Armour
 c - a +0 leather armour (worn)
Potions
 d - a potion of resistance
 e - a potion of might
 f - a potion of heal wounds
 g - a potion of curing {unknown}

Dungeon Overview and Level Annotations

Branches:
Dungeon (2/15)

Altars:


Message History

There is a stone staircase leading up here.
There is a stone staircase leading up here.
There is an escape hatch in the ceiling here.
16876 ||| FLEEEEING.
There is a stone staircase leading up here.
There is a stone staircase leading up here.
There is a stone staircase leading up here.
There is a stone staircase leading up here.
There is a stone staircase leading up here.
You see here a +0 scale mail.
There is a stone staircase leading up here.
16903 ||| FLEEEEING.
There is a stone staircase leading up here.
There is a stone staircase leading up here.
There is a stone staircase leading up here.
There is a stone staircase leading up here.
There is a stone staircase leading up here.
You see here a +0 scale mail.
There is a stone staircase leading up here.
There is an escape hatch in the ceiling here.
16934 ||| FLEEEEING.
There is a stone staircase leading up here.
There is a stone staircase leading up here.
There is a stone staircase leading up here.
There is a stone staircase leading up here.
There is a stone staircase leading up here.
16946 ||| FLEEEEING.
There is a stone staircase leading up here.
There is a stone staircase leading up here.
There is a stone staircase leading up here.
There is a stone staircase leading up here.
There is a stone staircase leading up here.
There is an escape hatch in the ceiling here.
16960 ||| FLEEEEING.
There is a stone staircase leading up here.
There is a stone staircase leading up here.
There is a stone staircase leading up here.
Zot's power touches on you...
16969 ||| QUITTING!
Are you sure you want to abandon this character and quit the game? (Confirm with "yes".)

#.# #...##.#.# #.# #.#
#.# ##.###.#.# #.###.#
..# ##.##.#.# #.....#
### ###.#.### #######..#
#.#... .........#
##.#..# ########.##
#..#..######)######.##
#.#)#..<......[........
#.##..#@######.######...
#.##..#<.# ### #... ##
#.#.#.# #.<. #...##.##
#... ##.##...# ###.
#...<#...... #.
#..#...##### #.
#..##...# #. #. ##.# #.


There were no monsters in sight!

Vanquished Creatures
  A gnoll (D:1)
  2 ribbon worms (D:2)
  A dart slug (D:1)
  2 ball pythons
  3 bats
  3 endoplasms (D:1)
  2 hobgoblins (D:1)
  A kobold (D:1)
  2 frilled lizards
  2 goblins
19 creatures vanquished.

Notes
Turn   | Place    | Note
-------+----------+-------------------------------------------
     0 | D:1      | qw the Gargoyle Hunter began the quest for the Orb.
     0 | D:1      | Reached XP level 1. HP: 12/12 MP: 1/1
     0 | D:1      | 0 ||| qw: Version: 0.3-a-132-g3d54051
     0 | D:1      | 0 ||| qw: Game counter: 409
     0 | D:1      | 0 ||| qw: Melee chars always use a shield: true
     0 | D:1      | 0 ||| qw: God list: Okawaru
     0 | D:1      | 0 ||| qw: Allow faded altars: false
     0 | D:1      | 0 ||| qw: Do Orc after clearing Dungeon:15 true
     0 | D:1      | 0 ||| qw: Do second Lair branch before Depths: true
     0 | D:1      | 0 ||| qw: Lair rune preference: random
     0 | D:1      | 0 ||| qw: Goals: Normal
     0 | D:1      | 0 ||| PLANNING D:1-11
    75 | D:1      | Reached XP level 2. HP: 15/17 MP: 2/2
   577 | D:1      | Reached XP level 3. HP: 21/21 MP: 3/3
   832 | D:1      | 832 ||| READING scroll labelled ONEIRI QUOT.
   833 | D:1      | 833 ||| DRINKING 2 fuming clear potions.
   834 | D:1      | 834 ||| DRINKING 2 metallic orange potions.
   835 | D:1      | 835 ||| DRINKING 2 viscous black potions.
   836 | D:1      | 836 ||| DROPPING scroll of butterflies.
   896 | D:2      | Reached skill level 5 in Ranged Weapons
  1001 | D:2      | 1001 ||| FLEEEEING.
  1058 | D:2      | 1058 ||| FLEEEEING.
  1061 | D:2      | 1061 ||| STAIRDANCE
  1063 | D:1      | 1063 ||| READING scroll labelled KUIDO VIHO.
  1067 | D:1      | 1067 ||| READING scroll labelled ELIESH LIXE.
  1068 | D:1      | 1068 ||| READING scroll labelled XITUBAUGRU.
  1085 | D:2      | 1085 ||| STAIRDANCE
  1089 | D:2      | 1089 ||| STAIRDANCE
  1093 | D:2      | 1093 ||| STAIRDANCE
  1097 | D:2      | 1097 ||| STAIRDANCE
  1101 | D:2      | 1101 ||| STAIRDANCE
  1105 | D:2      | 1105 ||| STAIRDANCE
  1109 | D:2      | 1109 ||| STAIRDANCE
  1113 | D:2      | 1113 ||| STAIRDANCE
  1117 | D:2      | 1117 ||| STAIRDANCE
  1121 | D:2      | 1121 ||| STAIRDANCE
  1125 | D:2      | 1125 ||| STAIRDANCE
  1129 | D:2      | 1129 ||| STAIRDANCE
  1133 | D:2      | 1133 ||| STAIRDANCE
  1137 | D:2      | 1137 ||| STAIRDANCE
  1141 | D:2      | 1141 ||| STAIRDANCE
  1145 | D:2      | 1145 ||| STAIRDANCE
  1149 | D:2      | 1149 ||| STAIRDANCE
  1153 | D:2      | 1153 ||| STAIRDANCE
  1157 | D:2      | 1157 ||| STAIRDANCE
  1164 | D:2      | 1164 ||| FLEEEEING.
  1178 | D:2      | 1178 ||| FLEEEEING.
  1205 | D:2      | 1205 ||| FLEEEEING.
  1230 | D:2      | 1230 ||| FLEEEEING.
  1242 | D:2      | 1242 ||| FLEEEEING.
  1256 | D:2      | 1256 ||| FLEEEEING.
  1283 | D:2      | 1283 ||| FLEEEEING.
  1310 | D:2      | 1310 ||| FLEEEEING.
  1322 | D:2      | 1322 ||| FLEEEEING.
  1336 | D:2      | 1336 ||| FLEEEEING.
  1363 | D:2      | 1363 ||| FLEEEEING.
  1394 | D:2      | 1394 ||| FLEEEEING.
  1406 | D:2      | 1406 ||| FLEEEEING.
  1420 | D:2      | 1420 ||| FLEEEEING.
  1447 | D:2      | 1447 ||| FLEEEEING.
  1472 | D:2      | 1472 ||| FLEEEEING.
  1484 | D:2      | 1484 ||| FLEEEEING.
  1498 | D:2      | 1498 ||| FLEEEEING.
  1525 | D:2      | 1525 ||| FLEEEEING.
  1552 | D:2      | 1552 ||| FLEEEEING.
  1564 | D:2      | 1564 ||| FLEEEEING.
  1578 | D:2      | 1578 ||| FLEEEEING.
  1605 | D:2      | 1605 ||| FLEEEEING.
  1636 | D:2      | 1636 ||| FLEEEEING.
  1648 | D:2      | 1648 ||| FLEEEEING.
  1662 | D:2      | 1662 ||| FLEEEEING.
  1689 | D:2      | 1689 ||| FLEEEEING.
  1714 | D:2      | 1714 ||| FLEEEEING.
  1726 | D:2      | 1726 ||| FLEEEEING.
  1740 | D:2      | 1740 ||| FLEEEEING.
  1767 | D:2      | 1767 ||| FLEEEEING.
  1794 | D:2      | 1794 ||| FLEEEEING.
  1806 | D:2      | 1806 ||| FLEEEEING.
  1820 | D:2      | 1820 ||| FLEEEEING.
  1847 | D:2      | 1847 ||| FLEEEEING.
  1878 | D:2      | 1878 ||| FLEEEEING.
  1890 | D:2      | 1890 ||| FLEEEEING.
  1904 | D:2      | 1904 ||| FLEEEEING.
  1931 | D:2      | 1931 ||| FLEEEEING.
  1956 | D:2      | 1956 ||| FLEEEEING.
  1968 | D:2      | 1968 ||| FLEEEEING.
  1982 | D:2      | 1982 ||| FLEEEEING.
  2009 | D:2      | 2009 ||| FLEEEEING.
  2036 | D:2      | 2036 ||| FLEEEEING.
  2048 | D:2      | 2048 ||| FLEEEEING.
  2062 | D:2      | 2062 ||| FLEEEEING.
  2089 | D:2      | 2089 ||| FLEEEEING.
  2120 | D:2      | 2120 ||| FLEEEEING.
  2132 | D:2      | 2132 ||| FLEEEEING.
  2146 | D:2      | 2146 ||| FLEEEEING.
  2173 | D:2      | 2173 ||| FLEEEEING.
  2198 | D:2      | 2198 ||| FLEEEEING.
  2210 | D:2      | 2210 ||| FLEEEEING.
  2224 | D:2      | 2224 ||| FLEEEEING.
  2251 | D:2      | 2251 ||| FLEEEEING.
  2278 | D:2      | 2278 ||| FLEEEEING.
  2290 | D:2      | 2290 ||| FLEEEEING.
  2304 | D:2      | 2304 ||| FLEEEEING.
  2331 | D:2      | 2331 ||| FLEEEEING.
  2362 | D:2      | 2362 ||| FLEEEEING.
  2374 | D:2      | 2374 ||| FLEEEEING.
  2388 | D:2      | 2388 ||| FLEEEEING.
  2415 | D:2      | 2415 ||| FLEEEEING.
  2440 | D:2      | 2440 ||| FLEEEEING.
  2452 | D:2      | 2452 ||| FLEEEEING.
  2466 | D:2      | 2466 ||| FLEEEEING.
  2493 | D:2      | 2493 ||| FLEEEEING.
  2520 | D:2      | 2520 ||| FLEEEEING.
  2532 | D:2      | 2532 ||| FLEEEEING.
  2546 | D:2      | 2546 ||| FLEEEEING.
  2573 | D:2      | 2573 ||| FLEEEEING.
  2604 | D:2      | 2604 ||| FLEEEEING.
  2616 | D:2      | 2616 ||| FLEEEEING.
  2630 | D:2      | 2630 ||| FLEEEEING.
  2657 | D:2      | 2657 ||| FLEEEEING.
  2682 | D:2      | 2682 ||| FLEEEEING.
  2694 | D:2      | 2694 ||| FLEEEEING.
  2708 | D:2      | 2708 ||| FLEEEEING.
  2735 | D:2      | 2735 ||| FLEEEEING.
  2762 | D:2      | 2762 ||| FLEEEEING.
  2774 | D:2      | 2774 ||| FLEEEEING.
  2788 | D:2      | 2788 ||| FLEEEEING.
  2815 | D:2      | 2815 ||| FLEEEEING.
  2846 | D:2      | 2846 ||| FLEEEEING.
  2858 | D:2      | 2858 ||| FLEEEEING.
  2872 | D:2      | 2872 ||| FLEEEEING.
  2899 | D:2      | 2899 ||| FLEEEEING.
  2924 | D:2      | 2924 ||| FLEEEEING.
  2936 | D:2      | 2936 ||| FLEEEEING.
  2950 | D:2      | 2950 ||| FLEEEEING.
  2977 | D:2      | 2977 ||| FLEEEEING.
  3004 | D:2      | 3004 ||| FLEEEEING.
  3016 | D:2      | 3016 ||| FLEEEEING.
  3030 | D:2      | 3030 ||| FLEEEEING.
  3057 | D:2      | 3057 ||| FLEEEEING.
  3088 | D:2      | 3088 ||| FLEEEEING.
  3100 | D:2      | 3100 ||| FLEEEEING.
  3114 | D:2      | 3114 ||| FLEEEEING.
  3141 | D:2      | 3141 ||| FLEEEEING.
  3166 | D:2      | 3166 ||| FLEEEEING.
  3178 | D:2      | 3178 ||| FLEEEEING.
  3192 | D:2      | 3192 ||| FLEEEEING.
  3219 | D:2      | 3219 ||| FLEEEEING.
  3246 | D:2      | 3246 ||| FLEEEEING.
  3258 | D:2      | 3258 ||| FLEEEEING.
  3272 | D:2      | 3272 ||| FLEEEEING.
  3299 | D:2      | 3299 ||| FLEEEEING.
  3330 | D:2      | 3330 ||| FLEEEEING.
  3342 | D:2      | 3342 ||| FLEEEEING.
  3356 | D:2      | 3356 ||| FLEEEEING.
  3383 | D:2      | 3383 ||| FLEEEEING.
  3408 | D:2      | 3408 ||| FLEEEEING.
  3420 | D:2      | 3420 ||| FLEEEEING.
  3434 | D:2      | 3434 ||| FLEEEEING.
  3461 | D:2      | 3461 ||| FLEEEEING.
  3488 | D:2      | 3488 ||| FLEEEEING.
  3500 | D:2      | 3500 ||| FLEEEEING.
  3514 | D:2      | 3514 ||| FLEEEEING.
  3541 | D:2      | 3541 ||| FLEEEEING.
  3572 | D:2      | 3572 ||| FLEEEEING.
  3584 | D:2      | 3584 ||| FLEEEEING.
  3598 | D:2      | 3598 ||| FLEEEEING.
  3625 | D:2      | 3625 ||| FLEEEEING.
  3650 | D:2      | 3650 ||| FLEEEEING.
  3662 | D:2      | 3662 ||| FLEEEEING.
  3676 | D:2      | 3676 ||| FLEEEEING.
  3703 | D:2      | 3703 ||| FLEEEEING.
  3730 | D:2      | 3730 ||| FLEEEEING.
  3742 | D:2      | 3742 ||| FLEEEEING.
  3756 | D:2      | 3756 ||| FLEEEEING.
  3783 | D:2      | 3783 ||| FLEEEEING.
  3814 | D:2      | 3814 ||| FLEEEEING.
  3826 | D:2      | 3826 ||| FLEEEEING.
  3840 | D:2      | 3840 ||| FLEEEEING.
  3867 | D:2      | 3867 ||| FLEEEEING.
  3892 | D:2      | 3892 ||| FLEEEEING.
  3904 | D:2      | 3904 ||| FLEEEEING.
  3918 | D:2      | 3918 ||| FLEEEEING.
  3945 | D:2      | 3945 ||| FLEEEEING.
  3972 | D:2      | 3972 ||| FLEEEEING.
  3984 | D:2      | 3984 ||| FLEEEEING.
  3998 | D:2      | 3998 ||| FLEEEEING.
  4025 | D:2      | 4025 ||| FLEEEEING.
  4056 | D:2      | 4056 ||| FLEEEEING.
  4068 | D:2      | 4068 ||| FLEEEEING.
  4082 | D:2      | 4082 ||| FLEEEEING.
  4109 | D:2      | 4109 ||| FLEEEEING.
  4134 | D:2      | 4134 ||| FLEEEEING.
  4146 | D:2      | 4146 ||| FLEEEEING.
  4160 | D:2      | 4160 ||| FLEEEEING.
  4187 | D:2      | 4187 ||| FLEEEEING.
  4214 | D:2      | 4214 ||| FLEEEEING.
  4226 | D:2      | 4226 ||| FLEEEEING.
  4240 | D:2      | 4240 ||| FLEEEEING.
  4267 | D:2      | 4267 ||| FLEEEEING.
  4298 | D:2      | 4298 ||| FLEEEEING.
  4310 | D:2      | 4310 ||| FLEEEEING.
  4324 | D:2      | 4324 ||| FLEEEEING.
  4351 | D:2      | 4351 ||| FLEEEEING.
  4376 | D:2      | 4376 ||| FLEEEEING.
  4388 | D:2      | 4388 ||| FLEEEEING.
  4402 | D:2      | 4402 ||| FLEEEEING.
  4429 | D:2      | 4429 ||| FLEEEEING.
  4456 | D:2      | 4456 ||| FLEEEEING.
  4468 | D:2      | 4468 ||| FLEEEEING.
  4482 | D:2      | 4482 ||| FLEEEEING.
  4509 | D:2      | 4509 ||| FLEEEEING.
  4540 | D:2      | 4540 ||| FLEEEEING.
  4552 | D:2      | 4552 ||| FLEEEEING.
  4566 | D:2      | 4566 ||| FLEEEEING.
  4593 | D:2      | 4593 ||| FLEEEEING.
  4618 | D:2      | 4618 ||| FLEEEEING.
  4630 | D:2      | 4630 ||| FLEEEEING.
  4644 | D:2      | 4644 ||| FLEEEEING.
  4671 | D:2      | 4671 ||| FLEEEEING.
  4698 | D:2      | 4698 ||| FLEEEEING.
  4710 | D:2      | 4710 ||| FLEEEEING.
  4724 | D:2      | 4724 ||| FLEEEEING.
  4751 | D:2      | 4751 ||| FLEEEEING.
  4782 | D:2      | 4782 ||| FLEEEEING.
  4794 | D:2      | 4794 ||| FLEEEEING.
  4808 | D:2      | 4808 ||| FLEEEEING.
  4835 | D:2      | 4835 ||| FLEEEEING.
  4860 | D:2      | 4860 ||| FLEEEEING.
  4872 | D:2      | 4872 ||| FLEEEEING.
  4886 | D:2      | 4886 ||| FLEEEEING.
  4913 | D:2      | 4913 ||| FLEEEEING.
  4940 | D:2      | 4940 ||| FLEEEEING.
  4952 | D:2      | 4952 ||| FLEEEEING.
  4966 | D:2      | 4966 ||| FLEEEEING.
  4993 | D:2      | 4993 ||| FLEEEEING.
  5024 | D:2      | 5024 ||| FLEEEEING.
  5036 | D:2      | 5036 ||| FLEEEEING.
  5050 | D:2      | 5050 ||| FLEEEEING.
  5077 | D:2      | 5077 ||| FLEEEEING.
  5102 | D:2      | 5102 ||| FLEEEEING.
  5114 | D:2      | 5114 ||| FLEEEEING.
  5128 | D:2      | 5128 ||| FLEEEEING.
  5155 | D:2      | 5155 ||| FLEEEEING.
  5182 | D:2      | 5182 ||| FLEEEEING.
  5194 | D:2      | 5194 ||| FLEEEEING.
  5208 | D:2      | 5208 ||| FLEEEEING.
  5235 | D:2      | 5235 ||| FLEEEEING.
  5266 | D:2      | 5266 ||| FLEEEEING.
  5278 | D:2      | 5278 ||| FLEEEEING.
  5292 | D:2      | 5292 ||| FLEEEEING.
  5319 | D:2      | 5319 ||| FLEEEEING.
  5344 | D:2      | 5344 ||| FLEEEEING.
  5356 | D:2      | 5356 ||| FLEEEEING.
  5370 | D:2      | 5370 ||| FLEEEEING.
  5397 | D:2      | 5397 ||| FLEEEEING.
  5424 | D:2      | 5424 ||| FLEEEEING.
  5436 | D:2      | 5436 ||| FLEEEEING.
  5450 | D:2      | 5450 ||| FLEEEEING.
  5477 | D:2      | 5477 ||| FLEEEEING.
  5508 | D:2      | 5508 ||| FLEEEEING.
  5520 | D:2      | 5520 ||| FLEEEEING.
  5534 | D:2      | 5534 ||| FLEEEEING.
  5561 | D:2      | 5561 ||| FLEEEEING.
  5586 | D:2      | 5586 ||| FLEEEEING.
  5598 | D:2      | 5598 ||| FLEEEEING.
  5612 | D:2      | 5612 ||| FLEEEEING.
  5639 | D:2      | 5639 ||| FLEEEEING.
  5666 | D:2      | 5666 ||| FLEEEEING.
  5678 | D:2      | 5678 ||| FLEEEEING.
  5692 | D:2      | 5692 ||| FLEEEEING.
  5719 | D:2      | 5719 ||| FLEEEEING.
  5750 | D:2      | 5750 ||| FLEEEEING.
  5762 | D:2      | 5762 ||| FLEEEEING.
  5776 | D:2      | 5776 ||| FLEEEEING.
  5803 | D:2      | 5803 ||| FLEEEEING.
  5828 | D:2      | 5828 ||| FLEEEEING.
  5840 | D:2      | 5840 ||| FLEEEEING.
  5854 | D:2      | 5854 ||| FLEEEEING.
  5881 | D:2      | 5881 ||| FLEEEEING.
  5908 | D:2      | 5908 ||| FLEEEEING.
  5920 | D:2      | 5920 ||| FLEEEEING.
  5934 | D:2      | 5934 ||| FLEEEEING.
  5961 | D:2      | 5961 ||| FLEEEEING.
  5992 | D:2      | 5992 ||| FLEEEEING.
  6004 | D:2      | 6004 ||| FLEEEEING.
  6018 | D:2      | 6018 ||| FLEEEEING.
  6045 | D:2      | 6045 ||| FLEEEEING.
  6070 | D:2      | 6070 ||| FLEEEEING.
  6082 | D:2      | 6082 ||| FLEEEEING.
  6096 | D:2      | 6096 ||| FLEEEEING.
  6123 | D:2      | 6123 ||| FLEEEEING.
  6150 | D:2      | 6150 ||| FLEEEEING.
  6162 | D:2      | 6162 ||| FLEEEEING.
  6176 | D:2      | 6176 ||| FLEEEEING.
  6203 | D:2      | 6203 ||| FLEEEEING.
  6234 | D:2      | 6234 ||| FLEEEEING.
  6246 | D:2      | 6246 ||| FLEEEEING.
  6260 | D:2      | 6260 ||| FLEEEEING.
  6287 | D:2      | 6287 ||| FLEEEEING.
  6312 | D:2      | 6312 ||| FLEEEEING.
  6324 | D:2      | 6324 ||| FLEEEEING.
  6338 | D:2      | 6338 ||| FLEEEEING.
  6365 | D:2      | 6365 ||| FLEEEEING.
  6392 | D:2      | 6392 ||| FLEEEEING.
  6404 | D:2      | 6404 ||| FLEEEEING.
  6418 | D:2      | 6418 ||| FLEEEEING.
  6445 | D:2      | 6445 ||| FLEEEEING.
  6476 | D:2      | 6476 ||| FLEEEEING.
  6488 | D:2      | 6488 ||| FLEEEEING.
  6502 | D:2      | 6502 ||| FLEEEEING.
  6529 | D:2      | 6529 ||| FLEEEEING.
  6554 | D:2      | 6554 ||| FLEEEEING.
  6566 | D:2      | 6566 ||| FLEEEEING.
  6580 | D:2      | 6580 ||| FLEEEEING.
  6607 | D:2      | 6607 ||| FLEEEEING.
  6634 | D:2      | 6634 ||| FLEEEEING.
  6646 | D:2      | 6646 ||| FLEEEEING.
  6660 | D:2      | 6660 ||| FLEEEEING.
  6687 | D:2      | 6687 ||| FLEEEEING.
  6718 | D:2      | 6718 ||| FLEEEEING.
  6730 | D:2      | 6730 ||| FLEEEEING.
  6744 | D:2      | 6744 ||| FLEEEEING.
  6771 | D:2      | 6771 ||| FLEEEEING.
  6796 | D:2      | 6796 ||| FLEEEEING.
  6808 | D:2      | 6808 ||| FLEEEEING.
  6822 | D:2      | 6822 ||| FLEEEEING.
  6849 | D:2      | 6849 ||| FLEEEEING.
  6876 | D:2      | 6876 ||| FLEEEEING.
  6888 | D:2      | 6888 ||| FLEEEEING.
  6902 | D:2      | 6902 ||| FLEEEEING.
  6929 | D:2      | 6929 ||| FLEEEEING.
  6960 | D:2      | 6960 ||| FLEEEEING.
  6972 | D:2      | 6972 ||| FLEEEEING.
  6986 | D:2      | 6986 ||| FLEEEEING.
  7013 | D:2      | 7013 ||| FLEEEEING.
  7038 | D:2      | 7038 ||| FLEEEEING.
  7050 | D:2      | 7050 ||| FLEEEEING.
  7064 | D:2      | 7064 ||| FLEEEEING.
  7091 | D:2      | 7091 ||| FLEEEEING.
  7118 | D:2      | 7118 ||| FLEEEEING.
  7130 | D:2      | 7130 ||| FLEEEEING.
  7144 | D:2      | 7144 ||| FLEEEEING.
  7171 | D:2      | 7171 ||| FLEEEEING.
  7202 | D:2      | 7202 ||| FLEEEEING.
  7214 | D:2      | 7214 ||| FLEEEEING.
  7228 | D:2      | 7228 ||| FLEEEEING.
  7255 | D:2      | 7255 ||| FLEEEEING.
  7280 | D:2      | 7280 ||| FLEEEEING.
  7292 | D:2      | 7292 ||| FLEEEEING.
  7306 | D:2      | 7306 ||| FLEEEEING.
  7333 | D:2      | 7333 ||| FLEEEEING.
  7360 | D:2      | 7360 ||| FLEEEEING.
  7372 | D:2      | 7372 ||| FLEEEEING.
  7386 | D:2      | 7386 ||| FLEEEEING.
  7413 | D:2      | 7413 ||| FLEEEEING.
  7444 | D:2      | 7444 ||| FLEEEEING.
  7456 | D:2      | 7456 ||| FLEEEEING.
  7470 | D:2      | 7470 ||| FLEEEEING.
  7497 | D:2      | 7497 ||| FLEEEEING.
  7522 | D:2      | 7522 ||| FLEEEEING.
  7534 | D:2      | 7534 ||| FLEEEEING.
  7548 | D:2      | 7548 ||| FLEEEEING.
  7575 | D:2      | 7575 ||| FLEEEEING.
  7602 | D:2      | 7602 ||| FLEEEEING.
  7614 | D:2      | 7614 ||| FLEEEEING.
  7628 | D:2      | 7628 ||| FLEEEEING.
  7655 | D:2      | 7655 ||| FLEEEEING.
  7686 | D:2      | 7686 ||| FLEEEEING.
  7698 | D:2      | 7698 ||| FLEEEEING.
  7712 | D:2      | 7712 ||| FLEEEEING.
  7739 | D:2      | 7739 ||| FLEEEEING.
  7764 | D:2      | 7764 ||| FLEEEEING.
  7776 | D:2      | 7776 ||| FLEEEEING.
  7790 | D:2      | 7790 ||| FLEEEEING.
  7817 | D:2      | 7817 ||| FLEEEEING.
  7844 | D:2      | 7844 ||| FLEEEEING.
  7856 | D:2      | 7856 ||| FLEEEEING.
  7870 | D:2      | 7870 ||| FLEEEEING.
  7897 | D:2      | 7897 ||| FLEEEEING.
  7928 | D:2      | 7928 ||| FLEEEEING.
  7940 | D:2      | 7940 ||| FLEEEEING.
  7954 | D:2      | 7954 ||| FLEEEEING.
  7981 | D:2      | 7981 ||| FLEEEEING.
  8006 | D:2      | 8006 ||| FLEEEEING.
  8018 | D:2      | 8018 ||| FLEEEEING.
  8032 | D:2      | 8032 ||| FLEEEEING.
  8059 | D:2      | 8059 ||| FLEEEEING.
  8086 | D:2      | 8086 ||| FLEEEEING.
  8098 | D:2      | 8098 ||| FLEEEEING.
  8112 | D:2      | 8112 ||| FLEEEEING.
  8139 | D:2      | 8139 ||| FLEEEEING.
  8170 | D:2      | 8170 ||| FLEEEEING.
  8182 | D:2      | 8182 ||| FLEEEEING.
  8196 | D:2      | 8196 ||| FLEEEEING.
  8223 | D:2      | 8223 ||| FLEEEEING.
  8248 | D:2      | 8248 ||| FLEEEEING.
  8260 | D:2      | 8260 ||| FLEEEEING.
  8274 | D:2      | 8274 ||| FLEEEEING.
  8301 | D:2      | 8301 ||| FLEEEEING.
  8328 | D:2      | 8328 ||| FLEEEEING.
  8340 | D:2      | 8340 ||| FLEEEEING.
  8354 | D:2      | 8354 ||| FLEEEEING.
  8381 | D:2      | 8381 ||| FLEEEEING.
  8412 | D:2      | 8412 ||| FLEEEEING.
  8424 | D:2      | 8424 ||| FLEEEEING.
  8438 | D:2      | 8438 ||| FLEEEEING.
  8465 | D:2      | 8465 ||| FLEEEEING.
  8490 | D:2      | 8490 ||| FLEEEEING.
  8502 | D:2      | 8502 ||| FLEEEEING.
  8516 | D:2      | 8516 ||| FLEEEEING.
  8543 | D:2      | 8543 ||| FLEEEEING.
  8570 | D:2      | 8570 ||| FLEEEEING.
  8582 | D:2      | 8582 ||| FLEEEEING.
  8596 | D:2      | 8596 ||| FLEEEEING.
  8623 | D:2      | 8623 ||| FLEEEEING.
  8654 | D:2      | 8654 ||| FLEEEEING.
  8666 | D:2      | 8666 ||| FLEEEEING.
  8680 | D:2      | 8680 ||| FLEEEEING.
  8707 | D:2      | 8707 ||| FLEEEEING.
  8732 | D:2      | 8732 ||| FLEEEEING.
  8744 | D:2      | 8744 ||| FLEEEEING.
  8758 | D:2      | 8758 ||| FLEEEEING.
  8785 | D:2      | 8785 ||| FLEEEEING.
  8812 | D:2      | 8812 ||| FLEEEEING.
  8824 | D:2      | 8824 ||| FLEEEEING.
  8838 | D:2      | 8838 ||| FLEEEEING.
  8865 | D:2      | 8865 ||| FLEEEEING.
  8896 | D:2      | 8896 ||| FLEEEEING.
  8908 | D:2      | 8908 ||| FLEEEEING.
  8922 | D:2      | 8922 ||| FLEEEEING.
  8949 | D:2      | 8949 ||| FLEEEEING.
  8974 | D:2      | 8974 ||| FLEEEEING.
  8986 | D:2      | 8986 ||| FLEEEEING.
  9000 | D:2      | 9000 ||| FLEEEEING.
  9027 | D:2      | 9027 ||| FLEEEEING.
  9054 | D:2      | 9054 ||| FLEEEEING.
  9066 | D:2      | 9066 ||| FLEEEEING.
  9080 | D:2      | 9080 ||| FLEEEEING.
  9107 | D:2      | 9107 ||| FLEEEEING.
  9138 | D:2      | 9138 ||| FLEEEEING.
  9150 | D:2      | 9150 ||| FLEEEEING.
  9164 | D:2      | 9164 ||| FLEEEEING.
  9191 | D:2      | 9191 ||| FLEEEEING.
  9216 | D:2      | 9216 ||| FLEEEEING.
  9228 | D:2      | 9228 ||| FLEEEEING.
  9242 | D:2      | 9242 ||| FLEEEEING.
  9269 | D:2      | 9269 ||| FLEEEEING.
  9296 | D:2      | 9296 ||| FLEEEEING.
  9308 | D:2      | 9308 ||| FLEEEEING.
  9322 | D:2      | 9322 ||| FLEEEEING.
  9349 | D:2      | 9349 ||| FLEEEEING.
  9380 | D:2      | 9380 ||| FLEEEEING.
  9392 | D:2      | 9392 ||| FLEEEEING.
  9406 | D:2      | 9406 ||| FLEEEEING.
  9433 | D:2      | 9433 ||| FLEEEEING.
  9458 | D:2      | 9458 ||| FLEEEEING.
  9470 | D:2      | 9470 ||| FLEEEEING.
  9484 | D:2      | 9484 ||| FLEEEEING.
  9511 | D:2      | 9511 ||| FLEEEEING.
  9538 | D:2      | 9538 ||| FLEEEEING.
  9550 | D:2      | 9550 ||| FLEEEEING.
  9564 | D:2      | 9564 ||| FLEEEEING.
  9591 | D:2      | 9591 ||| FLEEEEING.
  9622 | D:2      | 9622 ||| FLEEEEING.
  9634 | D:2      | 9634 ||| FLEEEEING.
  9648 | D:2      | 9648 ||| FLEEEEING.
  9675 | D:2      | 9675 ||| FLEEEEING.
  9700 | D:2      | 9700 ||| FLEEEEING.
  9712 | D:2      | 9712 ||| FLEEEEING.
  9726 | D:2      | 9726 ||| FLEEEEING.
  9753 | D:2      | 9753 ||| FLEEEEING.
  9780 | D:2      | 9780 ||| FLEEEEING.
  9792 | D:2      | 9792 ||| FLEEEEING.
  9806 | D:2      | 9806 ||| FLEEEEING.
  9833 | D:2      | 9833 ||| FLEEEEING.
  9864 | D:2      | 9864 ||| FLEEEEING.
  9876 | D:2      | 9876 ||| FLEEEEING.
  9890 | D:2      | 9890 ||| FLEEEEING.
  9917 | D:2      | 9917 ||| FLEEEEING.
  9942 | D:2      | 9942 ||| FLEEEEING.
  9954 | D:2      | 9954 ||| FLEEEEING.
  9968 | D:2      | 9968 ||| FLEEEEING.
  9995 | D:2      | 9995 ||| FLEEEEING.
 10022 | D:2      | 10022 ||| FLEEEEING.
 10034 | D:2      | 10034 ||| FLEEEEING.
 10048 | D:2      | 10048 ||| FLEEEEING.
 10075 | D:2      | 10075 ||| FLEEEEING.
 10106 | D:2      | 10106 ||| FLEEEEING.
 10118 | D:2      | 10118 ||| FLEEEEING.
 10132 | D:2      | 10132 ||| FLEEEEING.
 10159 | D:2      | 10159 ||| FLEEEEING.
 10184 | D:2      | 10184 ||| FLEEEEING.
 10196 | D:2      | 10196 ||| FLEEEEING.
 10210 | D:2      | 10210 ||| FLEEEEING.
 10237 | D:2      | 10237 ||| FLEEEEING.
 10264 | D:2      | 10264 ||| FLEEEEING.
 10276 | D:2      | 10276 ||| FLEEEEING.
 10290 | D:2      | 10290 ||| FLEEEEING.
 10317 | D:2      | 10317 ||| FLEEEEING.
 10348 | D:2      | 10348 ||| FLEEEEING.
 10360 | D:2      | 10360 ||| FLEEEEING.
 10374 | D:2      | 10374 ||| FLEEEEING.
 10401 | D:2      | 10401 ||| FLEEEEING.
 10426 | D:2      | 10426 ||| FLEEEEING.
 10438 | D:2      | 10438 ||| FLEEEEING.
 10452 | D:2      | 10452 ||| FLEEEEING.
 10479 | D:2      | 10479 ||| FLEEEEING.
 10506 | D:2      | 10506 ||| FLEEEEING.
 10518 | D:2      | 10518 ||| FLEEEEING.
 10532 | D:2      | 10532 ||| FLEEEEING.
 10559 | D:2      | 10559 ||| FLEEEEING.
 10590 | D:2      | 10590 ||| FLEEEEING.
 10602 | D:2      | 10602 ||| FLEEEEING.
 10616 | D:2      | 10616 ||| FLEEEEING.
 10643 | D:2      | 10643 ||| FLEEEEING.
 10668 | D:2      | 10668 ||| FLEEEEING.
 10680 | D:2      | 10680 ||| FLEEEEING.
 10694 | D:2      | 10694 ||| FLEEEEING.
 10721 | D:2      | 10721 ||| FLEEEEING.
 10748 | D:2      | 10748 ||| FLEEEEING.
 10760 | D:2      | 10760 ||| FLEEEEING.
 10774 | D:2      | 10774 ||| FLEEEEING.
 10801 | D:2      | 10801 ||| FLEEEEING.
 10832 | D:2      | 10832 ||| FLEEEEING.
 10844 | D:2      | 10844 ||| FLEEEEING.
 10858 | D:2      | 10858 ||| FLEEEEING.
 10885 | D:2      | 10885 ||| FLEEEEING.
 10910 | D:2      | 10910 ||| FLEEEEING.
 10922 | D:2      | 10922 ||| FLEEEEING.
 10936 | D:2      | 10936 ||| FLEEEEING.
 10963 | D:2      | 10963 ||| FLEEEEING.
 10968 | D:2      | Glimpsed the power of Zot.
 10990 | D:2      | 10990 ||| FLEEEEING.
 11002 | D:2      | 11002 ||| FLEEEEING.
 11016 | D:2      | 11016 ||| FLEEEEING.
 11043 | D:2      | 11043 ||| FLEEEEING.
 11074 | D:2      | 11074 ||| FLEEEEING.
 11086 | D:2      | 11086 ||| FLEEEEING.
 11100 | D:2      | 11100 ||| FLEEEEING.
 11127 | D:2      | 11127 ||| FLEEEEING.
 11152 | D:2      | 11152 ||| FLEEEEING.
 11164 | D:2      | 11164 ||| FLEEEEING.
 11178 | D:2      | 11178 ||| FLEEEEING.
 11205 | D:2      | 11205 ||| FLEEEEING.
 11232 | D:2      | 11232 ||| FLEEEEING.
 11244 | D:2      | 11244 ||| FLEEEEING.
 11258 | D:2      | 11258 ||| FLEEEEING.
 11285 | D:2      | 11285 ||| FLEEEEING.
 11316 | D:2      | 11316 ||| FLEEEEING.
 11328 | D:2      | 11328 ||| FLEEEEING.
 11342 | D:2      | 11342 ||| FLEEEEING.
 11369 | D:2      | 11369 ||| FLEEEEING.
 11394 | D:2      | 11394 ||| FLEEEEING.
 11406 | D:2      | 11406 ||| FLEEEEING.
 11420 | D:2      | 11420 ||| FLEEEEING.
 11447 | D:2      | 11447 ||| FLEEEEING.
 11468 | D:2      | Glimpsed the power of Zot.
 11469 | D:2      | 11469 ||| FLEEEEING.
 11480 | D:2      | 11480 ||| FLEEEEING.
 11492 | D:2      | 11492 ||| FLEEEEING.
 11506 | D:2      | 11506 ||| FLEEEEING.
 11533 | D:2      | 11533 ||| FLEEEEING.
 11560 | D:2      | 11560 ||| FLEEEEING.
 11572 | D:2      | 11572 ||| FLEEEEING.
 11586 | D:2      | 11586 ||| FLEEEEING.
 11613 | D:2      | 11613 ||| FLEEEEING.
 11644 | D:2      | 11644 ||| FLEEEEING.
 11656 | D:2      | 11656 ||| FLEEEEING.
 11670 | D:2      | 11670 ||| FLEEEEING.
 11697 | D:2      | 11697 ||| FLEEEEING.
 11722 | D:2      | 11722 ||| FLEEEEING.
 11734 | D:2      | 11734 ||| FLEEEEING.
 11748 | D:2      | 11748 ||| FLEEEEING.
 11775 | D:2      | 11775 ||| FLEEEEING.
 11802 | D:2      | 11802 ||| FLEEEEING.
 11814 | D:2      | 11814 ||| FLEEEEING.
 11828 | D:2      | 11828 ||| FLEEEEING.
 11855 | D:2      | 11855 ||| FLEEEEING.
 11868 | D:2      | Glimpsed the power of Zot.
 11869 | D:2      | 11869 ||| FLEEEEING.
 11883 | D:2      | 11883 ||| FLEEEEING.
 11914 | D:2      | 11914 ||| FLEEEEING.
 11926 | D:2      | 11926 ||| FLEEEEING.
 11940 | D:2      | 11940 ||| FLEEEEING.
 11967 | D:2      | 11967 ||| FLEEEEING.
 11968 | D:2      | Touched by the power of Zot (MHP 22 -> 16)
 11969 | D:2      | Glimpsed the power of Zot.
 11992 | D:2      | 11992 ||| FLEEEEING.
 12004 | D:2      | 12004 ||| FLEEEEING.
 12018 | D:2      | 12018 ||| FLEEEEING.
 12045 | D:2      | 12045 ||| FLEEEEING.
 12072 | D:2      | 12072 ||| FLEEEEING.
 12084 | D:2      | 12084 ||| FLEEEEING.
 12098 | D:2      | 12098 ||| FLEEEEING.
 12125 | D:2      | 12125 ||| FLEEEEING.
 12156 | D:2      | 12156 ||| FLEEEEING.
 12168 | D:2      | 12168 ||| FLEEEEING.
 12182 | D:2      | 12182 ||| FLEEEEING.
 12209 | D:2      | 12209 ||| FLEEEEING.
 12234 | D:2      | 12234 ||| FLEEEEING.
 12246 | D:2      | 12246 ||| FLEEEEING.
 12260 | D:2      | 12260 ||| FLEEEEING.
 12287 | D:2      | 12287 ||| FLEEEEING.
 12314 | D:2      | 12314 ||| FLEEEEING.
 12326 | D:2      | 12326 ||| FLEEEEING.
 12340 | D:2      | 12340 ||| FLEEEEING.
 12367 | D:2      | 12367 ||| FLEEEEING.
 12398 | D:2      | 12398 ||| FLEEEEING.
 12410 | D:2      | 12410 ||| FLEEEEING.
 12424 | D:2      | 12424 ||| FLEEEEING.
 12451 | D:2      | 12451 ||| FLEEEEING.
 12469 | D:2      | Glimpsed the power of Zot.
 12470 | D:2      | 12470 ||| FLEEEEING.
 12482 | D:2      | 12482 ||| FLEEEEING.
 12496 | D:2      | 12496 ||| FLEEEEING.
 12523 | D:2      | 12523 ||| FLEEEEING.
 12548 | D:2      | 12548 ||| FLEEEEING.
 12560 | D:2      | 12560 ||| FLEEEEING.
 12574 | D:2      | 12574 ||| FLEEEEING.
 12601 | D:2      | 12601 ||| FLEEEEING.
 12628 | D:2      | 12628 ||| FLEEEEING.
 12640 | D:2      | 12640 ||| FLEEEEING.
 12654 | D:2      | 12654 ||| FLEEEEING.
 12681 | D:2      | 12681 ||| FLEEEEING.
 12712 | D:2      | 12712 ||| FLEEEEING.
 12724 | D:2      | 12724 ||| FLEEEEING.
 12738 | D:2      | 12738 ||| FLEEEEING.
 12765 | D:2      | 12765 ||| FLEEEEING.
 12790 | D:2      | 12790 ||| FLEEEEING.
 12802 | D:2      | 12802 ||| FLEEEEING.
 12816 | D:2      | 12816 ||| FLEEEEING.
 12843 | D:2      | 12843 ||| FLEEEEING.
 12869 | D:2      | Glimpsed the power of Zot.
 12870 | D:2      | 12870 ||| FLEEEEING.
 12882 | D:2      | 12882 ||| FLEEEEING.
 12896 | D:2      | 12896 ||| FLEEEEING.
 12923 | D:2      | 12923 ||| FLEEEEING.
 12954 | D:2      | 12954 ||| FLEEEEING.
 12966 | D:2      | 12966 ||| FLEEEEING.
 12968 | D:2      | Touched by the power of Zot (MHP 17 -> 12)
 12969 | D:2      | Glimpsed the power of Zot.
 12980 | D:2      | 12980 ||| FLEEEEING.
 13007 | D:2      | 13007 ||| FLEEEEING.
 13032 | D:2      | 13032 ||| FLEEEEING.
 13044 | D:2      | 13044 ||| FLEEEEING.
 13058 | D:2      | 13058 ||| FLEEEEING.
 13085 | D:2      | 13085 ||| FLEEEEING.
 13112 | D:2      | 13112 ||| FLEEEEING.
 13124 | D:2      | 13124 ||| FLEEEEING.
 13138 | D:2      | 13138 ||| FLEEEEING.
 13165 | D:2      | 13165 ||| FLEEEEING.
 13196 | D:2      | 13196 ||| FLEEEEING.
 13208 | D:2      | 13208 ||| FLEEEEING.
 13222 | D:2      | 13222 ||| FLEEEEING.
 13249 | D:2      | 13249 ||| FLEEEEING.
 13274 | D:2      | 13274 ||| FLEEEEING.
 13286 | D:2      | 13286 ||| FLEEEEING.
 13300 | D:2      | 13300 ||| FLEEEEING.
 13327 | D:2      | 13327 ||| FLEEEEING.
 13354 | D:2      | 13354 ||| FLEEEEING.
 13366 | D:2      | 13366 ||| FLEEEEING.
 13380 | D:2      | 13380 ||| FLEEEEING.
 13407 | D:2      | 13407 ||| FLEEEEING.
 13438 | D:2      | 13438 ||| FLEEEEING.
 13450 | D:2      | 13450 ||| FLEEEEING.
 13464 | D:2      | 13464 ||| FLEEEEING.
 13469 | D:2      | Glimpsed the power of Zot.
 13491 | D:2      | 13491 ||| FLEEEEING.
 13516 | D:2      | 13516 ||| FLEEEEING.
 13528 | D:2      | 13528 ||| FLEEEEING.
 13542 | D:2      | 13542 ||| FLEEEEING.
 13569 | D:2      | 13569 ||| FLEEEEING.
 13596 | D:2      | 13596 ||| FLEEEEING.
 13608 | D:2      | 13608 ||| FLEEEEING.
 13622 | D:2      | 13622 ||| FLEEEEING.
 13649 | D:2      | 13649 ||| FLEEEEING.
 13680 | D:2      | 13680 ||| FLEEEEING.
 13692 | D:2      | 13692 ||| FLEEEEING.
 13706 | D:2      | 13706 ||| FLEEEEING.
 13733 | D:2      | 13733 ||| FLEEEEING.
 13758 | D:2      | 13758 ||| FLEEEEING.
 13770 | D:2      | 13770 ||| FLEEEEING.
 13784 | D:2      | 13784 ||| FLEEEEING.
 13811 | D:2      | 13811 ||| FLEEEEING.
 13838 | D:2      | 13838 ||| FLEEEEING.
 13850 | D:2      | 13850 ||| FLEEEEING.
 13864 | D:2      | 13864 ||| FLEEEEING.
 13869 | D:2      | Glimpsed the power of Zot.
 13891 | D:2      | 13891 ||| FLEEEEING.
 13922 | D:2      | 13922 ||| FLEEEEING.
 13934 | D:2      | 13934 ||| FLEEEEING.
 13948 | D:2      | 13948 ||| FLEEEEING.
 13968 | D:2      | Touched by the power of Zot (MHP 13 -> 8)
 13969 | D:2      | 13969 ||| FLEEEEING.
 13969 | D:2      | Glimpsed the power of Zot.
 13990 | D:2      | 13990 ||| FLEEEEING.
 14017 | D:2      | 14017 ||| FLEEEEING.
 14042 | D:2      | 14042 ||| FLEEEEING.
 14054 | D:2      | 14054 ||| FLEEEEING.
 14068 | D:2      | 14068 ||| FLEEEEING.
 14095 | D:2      | 14095 ||| FLEEEEING.
 14122 | D:2      | 14122 ||| FLEEEEING.
 14134 | D:2      | 14134 ||| FLEEEEING.
 14148 | D:2      | 14148 ||| FLEEEEING.
 14175 | D:2      | 14175 ||| FLEEEEING.
 14206 | D:2      | 14206 ||| FLEEEEING.
 14218 | D:2      | 14218 ||| FLEEEEING.
 14232 | D:2      | 14232 ||| FLEEEEING.
 14259 | D:2      | 14259 ||| FLEEEEING.
 14284 | D:2      | 14284 ||| FLEEEEING.
 14296 | D:2      | 14296 ||| FLEEEEING.
 14310 | D:2      | 14310 ||| FLEEEEING.
 14337 | D:2      | 14337 ||| FLEEEEING.
 14364 | D:2      | 14364 ||| FLEEEEING.
 14376 | D:2      | 14376 ||| FLEEEEING.
 14390 | D:2      | 14390 ||| FLEEEEING.
 14417 | D:2      | 14417 ||| FLEEEEING.
 14448 | D:2      | 14448 ||| FLEEEEING.
 14460 | D:2      | 14460 ||| FLEEEEING.
 14469 | D:2      | Glimpsed the power of Zot.
 14474 | D:2      | 14474 ||| FLEEEEING.
 14501 | D:2      | 14501 ||| FLEEEEING.
 14526 | D:2      | 14526 ||| FLEEEEING.
 14538 | D:2      | 14538 ||| FLEEEEING.
 14552 | D:2      | 14552 ||| FLEEEEING.
 14579 | D:2      | 14579 ||| FLEEEEING.
 14606 | D:2      | 14606 ||| FLEEEEING.
 14618 | D:2      | 14618 ||| FLEEEEING.
 14632 | D:2      | 14632 ||| FLEEEEING.
 14659 | D:2      | 14659 ||| FLEEEEING.
 14690 | D:2      | 14690 ||| FLEEEEING.
 14702 | D:2      | 14702 ||| FLEEEEING.
 14716 | D:2      | 14716 ||| FLEEEEING.
 14743 | D:2      | 14743 ||| FLEEEEING.
 14768 | D:2      | 14768 ||| FLEEEEING.
 14780 | D:2      | 14780 ||| FLEEEEING.
 14794 | D:2      | 14794 ||| FLEEEEING.
 14821 | D:2      | 14821 ||| FLEEEEING.
 14848 | D:2      | 14848 ||| FLEEEEING.
 14860 | D:2      | 14860 ||| FLEEEEING.
 14869 | D:2      | Glimpsed the power of Zot.
 14874 | D:2      | 14874 ||| FLEEEEING.
 14901 | D:2      | 14901 ||| FLEEEEING.
 14932 | D:2      | 14932 ||| FLEEEEING.
 14944 | D:2      | 14944 ||| FLEEEEING.
 14958 | D:2      | 14958 ||| FLEEEEING.
 14968 | D:2      | Touched by the power of Zot (MHP 9 -> 5)
 14969 | D:2      | 14969 ||| FLEEEEING.
 14969 | D:2      | Glimpsed the power of Zot.
 14980 | D:2      | 14980 ||| FLEEEEING.
 15007 | D:2      | 15007 ||| FLEEEEING.
 15032 | D:2      | 15032 ||| FLEEEEING.
 15044 | D:2      | 15044 ||| FLEEEEING.
 15058 | D:2      | 15058 ||| FLEEEEING.
 15085 | D:2      | 15085 ||| FLEEEEING.
 15112 | D:2      | 15112 ||| FLEEEEING.
 15124 | D:2      | 15124 ||| FLEEEEING.
 15138 | D:2      | 15138 ||| FLEEEEING.
 15165 | D:2      | 15165 ||| FLEEEEING.
 15196 | D:2      | 15196 ||| FLEEEEING.
 15208 | D:2      | 15208 ||| FLEEEEING.
 15222 | D:2      | 15222 ||| FLEEEEING.
 15249 | D:2      | 15249 ||| FLEEEEING.
 15274 | D:2      | 15274 ||| FLEEEEING.
 15286 | D:2      | 15286 ||| FLEEEEING.
 15300 | D:2      | 15300 ||| FLEEEEING.
 15327 | D:2      | 15327 ||| FLEEEEING.
 15354 | D:2      | 15354 ||| FLEEEEING.
 15366 | D:2      | 15366 ||| FLEEEEING.
 15380 | D:2      | 15380 ||| FLEEEEING.
 15407 | D:2      | 15407 ||| FLEEEEING.
 15438 | D:2      | 15438 ||| FLEEEEING.
 15450 | D:2      | 15450 ||| FLEEEEING.
 15464 | D:2      | 15464 ||| FLEEEEING.
 15469 | D:2      | Glimpsed the power of Zot.
 15491 | D:2      | 15491 ||| FLEEEEING.
 15516 | D:2      | 15516 ||| FLEEEEING.
 15528 | D:2      | 15528 ||| FLEEEEING.
 15542 | D:2      | 15542 ||| FLEEEEING.
 15569 | D:2      | 15569 ||| FLEEEEING.
 15596 | D:2      | 15596 ||| FLEEEEING.
 15608 | D:2      | 15608 ||| FLEEEEING.
 15622 | D:2      | 15622 ||| FLEEEEING.
 15649 | D:2      | 15649 ||| FLEEEEING.
 15680 | D:2      | 15680 ||| FLEEEEING.
 15692 | D:2      | 15692 ||| FLEEEEING.
 15706 | D:2      | 15706 ||| FLEEEEING.
 15733 | D:2      | 15733 ||| FLEEEEING.
 15758 | D:2      | 15758 ||| FLEEEEING.
 15770 | D:2      | 15770 ||| FLEEEEING.
 15784 | D:2      | 15784 ||| FLEEEEING.
 15811 | D:2      | 15811 ||| FLEEEEING.
 15838 | D:2      | 15838 ||| FLEEEEING.
 15850 | D:2      | 15850 ||| FLEEEEING.
 15864 | D:2      | 15864 ||| FLEEEEING.
 15869 | D:2      | Glimpsed the power of Zot.
 15891 | D:2      | 15891 ||| FLEEEEING.
 15922 | D:2      | 15922 ||| FLEEEEING.
 15934 | D:2      | 15934 ||| FLEEEEING.
 15948 | D:2      | 15948 ||| FLEEEEING.
 15968 | D:2      | Touched by the power of Zot (MHP 6 -> 2)
 15969 | D:2      | 15969 ||| FLEEEEING.
 15969 | D:2      | Glimpsed the power of Zot.
 15992 | D:2      | 15992 ||| FLEEEEING.
 16019 | D:2      | 16019 ||| FLEEEEING.
 16044 | D:2      | 16044 ||| FLEEEEING.
 16056 | D:2      | 16056 ||| FLEEEEING.
 16070 | D:2      | 16070 ||| FLEEEEING.
 16097 | D:2      | 16097 ||| FLEEEEING.
 16124 | D:2      | 16124 ||| FLEEEEING.
 16136 | D:2      | 16136 ||| FLEEEEING.
 16150 | D:2      | 16150 ||| FLEEEEING.
 16177 | D:2      | 16177 ||| FLEEEEING.
 16208 | D:2      | 16208 ||| FLEEEEING.
 16220 | D:2      | 16220 ||| FLEEEEING.
 16234 | D:2      | 16234 ||| FLEEEEING.
 16261 | D:2      | 16261 ||| FLEEEEING.
 16286 | D:2      | 16286 ||| FLEEEEING.
 16298 | D:2      | 16298 ||| FLEEEEING.
 16312 | D:2      | 16312 ||| FLEEEEING.
 16339 | D:2      | 16339 ||| FLEEEEING.
 16366 | D:2      | 16366 ||| FLEEEEING.
 16378 | D:2      | 16378 ||| FLEEEEING.
 16392 | D:2      | 16392 ||| FLEEEEING.
 16419 | D:2      | 16419 ||| FLEEEEING.
 16450 | D:2      | 16450 ||| FLEEEEING.
 16462 | D:2      | 16462 ||| FLEEEEING.
 16469 | D:2      | Glimpsed the power of Zot.
 16476 | D:2      | 16476 ||| FLEEEEING.
 16503 | D:2      | 16503 ||| FLEEEEING.
 16528 | D:2      | 16528 ||| FLEEEEING.
 16540 | D:2      | 16540 ||| FLEEEEING.
 16554 | D:2      | 16554 ||| FLEEEEING.
 16581 | D:2      | 16581 ||| FLEEEEING.
 16608 | D:2      | 16608 ||| FLEEEEING.
 16620 | D:2      | 16620 ||| FLEEEEING.
 16634 | D:2      | 16634 ||| FLEEEEING.
 16661 | D:2      | 16661 ||| FLEEEEING.
 16692 | D:2      | 16692 ||| FLEEEEING.
 16704 | D:2      | 16704 ||| FLEEEEING.
 16718 | D:2      | 16718 ||| FLEEEEING.
 16745 | D:2      | 16745 ||| FLEEEEING.
 16770 | D:2      | 16770 ||| FLEEEEING.
 16782 | D:2      | 16782 ||| FLEEEEING.
 16796 | D:2      | 16796 ||| FLEEEEING.
 16823 | D:2      | 16823 ||| FLEEEEING.
 16850 | D:2      | 16850 ||| FLEEEEING.
 16862 | D:2      | 16862 ||| FLEEEEING.
 16869 | D:2      | Glimpsed the power of Zot.
 16876 | D:2      | 16876 ||| FLEEEEING.
 16903 | D:2      | 16903 ||| FLEEEEING.
 16934 | D:2      | 16934 ||| FLEEEEING.
 16946 | D:2      | 16946 ||| FLEEEEING.
 16960 | D:2      | 16960 ||| FLEEEEING.
 16968 | D:2      | Touched by the power of Zot (MHP 3 -> 1)
 16969 | D:2      | 16969 ||| QUITTING!
 16969 | D:2      | Quit the game

Levels and vault maps discovered:
D:1:      spicycebolla_arrival_ecumenical, layout_basic,
          minmay_misc_feat_enclosed, corexii_leaking_fountain
D:2:      layout_loops_ring

Skill      XL: |  1  2  3 |
---------------+----------+-----
Ranged Weapons | 5 |  5.0
Fighting       | |  2.4
Dodging        | |  1.5
Stealth        | |  1.1

Action                     || total
---------------------------++-------
   Fire: Shortbow          ||    58
    Use: Scroll            ||     4
         Potion            ||     3
 Armour: Leather armour    ||     8
  Dodge: Dodged            ||    14

Table legend:
 A = Non-vault XP
 B = Vault XP
 C = Vault XP percentage of total XP
 D = Non-vault monster count
 E = Vault monster count
 F = Vault count percentage of total count
                 A         B        C        D         E       F
            +---------+---------+-------+---------+---------+-------
      Total |      51 |       0 |   0.0 |      19 |       0 |   0.0
            +---------+---------+-------+---------+---------+-------
        D:1 |      36 |       0 |   0.0 |      12 |       0 |   0.0
        D:2 |      15 |       0 |   0.0 |       7 |       0 |   0.0
            +---------+---------+-------+---------+---------+-------
